Map: Ulrena

Players

LilDicky - Winner!

  • Race: Terran Terran
  • League: Diamond

Joons

  • Race: Zerg Zerg
  • League: Diamond

VOD

http://www.twitch.tv/tumescentpie

Description

Time

  • Played on: Dec. 24, 2015, 9:32 p.m.
  • Length: 6:11
Show
View Real Time Build Order
Export as new Build Order

LilDicky Terran - Winner!

Build Orders:  

Get SALT Encoding   

  12  0:18  SCV  
  13  0:30  SCV  
  14  0:36  Supply Depot  
  14  0:46  SCV  
  15  0:59  Barracks  
  15  1:01  SCV  
  16  1:06  Supply Depot  
  16  1:13  SCV  
  17  1:24  Barracks  
  17  1:26  Barracks  
  17  1:33  SCV  
  18  1:47  Marine  
  18  1:51  Orbital Command  
  19  2:07  Marine  
  19  2:08  Barracks  
  20  2:09  Barracks  
  20  2:17  Marine x2  
  22  2:23  SCV  
  22  2:25  Supply Depot  
  22  2:26  Marine  
  24  2:35  Marine  
  24  2:36  Marine  
  26  2:42  SCV  
  26  2:44  Marine  
  28  2:53  Marine  
  28  2:54  Marine  
  30  2:59  Marine  
  30  3:00  Marine  
  30  3:01  SCV, Marine  
  34  3:10  Marine  
  35  3:21  Marine x3  
  35  3:22  Marine  
  39  3:29  SCV, Marine  
  41  3:39  Marine x2  
  41  3:42  SCV  
  41  3:44  Marine x2  
  41  3:47  Marine  
  45  3:57  Marine x2  
  45  4:02  Marine x2  
  45  4:05  Marine  
  40  4:14  Marine  
  40  4:16  Marine  
  34  4:20  Marine x2  
  32  4:34  Marine  
  32  4:35  Marine x2  
  32  4:38  Marine x2  
  37  4:52  Marine  
  36  4:56  Marine x3  
  33  5:00  Marine  
  34  5:10  Marine  
  34  5:13  Marine  
  35  5:24  Marine x3  
  31  5:44  Marine x2  
  31  5:48  SCV, Marine x3  
Show
View Real Time Build Order
Export as new Build Order

Joons Zerg 

Build Orders: Pool First 

Get SALT Encoding   

  12  0:01  Drone  
  13  0:08  Drone  
  14  0:17  Overlord  
  15  0:35  Drone x2  
  15  0:36  Drone  
  17  0:49  Spawning Pool  
  16  0:51  Drone  
  16  0:52  Extractor  
  16  0:58  Drone  
  17  1:18  Hatchery  
  16  1:21  Drone  
  16  1:22  Drone  
  18  1:33  Drone  
  18  1:37  Queen  
  21  1:45  Overlord  
  21  2:03  Metabolic Boost  
  21  2:07  Drone x2  
  23  2:13  Queen  
  23  2:15  Zergling x2  
  26  2:24  Overlord, Extractor  
  25  2:30  Zergling x2  
  26  2:38  Queen  
  26  2:41  Drone  
  30  2:44  Drone  
  30  2:55  Lair  
  30  3:03  Drone x2  
  32  3:08  Zergling x2  
  32  3:13  Zergling x2  
  32  3:14  Zergling x2  
  32  3:19  Zergling x2  
  35  3:26  Spine Crawler  
  28  3:44  Zergling x10  
  33  3:51  Zergling x2  
  34  4:05  Zergling x2  
  32  4:13  Zergling x2  
  26  4:32  Zergling x2  
  26  4:37  Zergling x2  
  28  4:44  Zergling x2  
  27  4:53  Queen  
  27  4:59  Spine Crawler  
  27  5:00  Zergling x2  
  28  5:12  Zergling x6  
  28  5:13  Zergling x2  
  29  5:18  Spine Crawler  
  29  5:24  Spine Crawler  
  26  5:33  Spine Crawler  
  21  5:37  Zergling x4  
  19  5:46  Zergling x2  
Tags
 
Add a new tag
Caveats
  • Supply blocks, unpowered buildings, or Contaminate may cause inaccurate times.
  • Supply counts are checked every 10 seconds.